 Dungeon Crawl Stone Soup version 0.28.0-53-g5a82cb258f (webtiles) character file.

Game seed: 8103583458514913836

72 bnorton916 the Magician (level 4, 0/24 HPs)
             Began as a Deep Elf Fire Elementalist on May 31, 2022.
             Succumbed to an adder's poison
             ... on level 3 of the Dungeon.
             The game lasted 00:02:06 (2742 turns).

bnorton916 the Magician (DEFE)                      Turns: 2742, Time: 00:02:06

Health: 0/24       AC:  3    Str: 11    XL:     4   Next: 6%
Magic:  4/12       EV: 12    Int: 22    God:
Gold:   79         SH:  0    Dex: 15    Spells: 9/11 levels left

rFire   + . .      SeeInvis .   (no weapon)
rCold   + . .      Faith    .   (no shield)
rNeg    . . .      Spirit   .   a - +0 robe
rPois   +          Reflect  .   (no helmet)
rElec   +          Harm     .   h - +0 cloak
rCorr   +          Rampage  .   (no gloves)
Will    .....                   (no boots)
Stlth   ++........              (no amulet)
HPRegen 0.08/turn               f - +6 ring of strength
MPRegen 0.13/turn               (no ring)

@: lethally poisoned (0 -> -5), resistant
A: no striking features
a: no special abilities


You were on level 3 of the Dungeon.
You visited 1 branch of the dungeon, and saw 3 of its levels.

You collected 79 gold pieces.

Inventory:

Armour
 a - a +0 robe (worn)
 h - a +0 cloak (worn)
 j - the +0 robe of Summer {Rampage +Inv Str+3 Slay-4}
   (You found it on level 2 of the Dungeon)

   Str:       It affects your strength (+3).
   Slay:      It affects your accuracy & damage with ranged weapons and melee
   (-4).
   +Inv:      It lets you turn invisible.
   Rampage:   It bestows one free step when moving towards enemies.
Jewellery
 f - a +6 ring of strength (left hand)
Wands
 g - a wand of flame (24)
Scrolls
 i - a scroll of teleportation {unknown}
 l - a scroll of vulnerability {unknown}
 m - a scroll of identify {unknown}
Potions
 b - a potion of attraction {unknown}
 c - a potion of might {unknown}
 d - a potion of resistance
 e - a potion of mutation {unknown}
 k - a potion of invisibility {unknown}


   Skills:
 - Level 2.4 Dodging
 - Level 2.4 Stealth
 + Level 4.2 Spellcasting
 + Level 2.6 Conjurations
 + Level 4.1 Fire Magic


You had 9 spell levels left.
You knew the following spells:

 Your Spells              Type           Power      Damage    Failure   Level
a - Foxfire               Conj/Fire      76%        2x1d7     2%          1
b - Magic Dart            Conj           64%        1d6       3%          1

Your spell library contained the following spells:

 Spells                   Type           Power      Damage    Failure   Level
 Scorch                   Fire           44%        2d7       3%          2
 Conjure Flame            Conj/Fire      19%        6-21      9%          3
 Inner Flame              Hex/Fire       13%        N/A       14%         3
 Call Imp                 Summ           4%         N/A       17%         2
 Mephitic Cloud           Conj/Pois/Air  8%         N/A       22%         3
 Flame Wave               Conj/Fire      19%        2d6       26%         4
 Call Canine Familiar     Summ           4%         N/A       32%         3
 Portal Projectile        Hex/Tloc       8%         N/A       32%         3
 Leda's Liquefaction      Hex/Erth       2%         N/A       73%         4


Dungeon Overview and Level Annotations

Branches:
Dungeon (3/15)

Altars:

Shops:
D:2 (


Message History

The hound barely misses you. The hound bites you.
The dart slug launches a dart at you. The slug dart hits you.
Casting: Foxfire (safe; 2% risk of failure)
Confirm with . or Enter, or press ? or * to list all spells.
Aiming: Magic Dart (safe; 3% risk of failure)
Press: ? - help, Shift-Dir - straight line, f - hound
Aim: a hound (severely wounded, 100% to hit)
The magic dart hits the hound.
The hound is almost dead.
The hound closely misses you.
Casting: Magic Dart (safe; 3% risk of failure)
Confirm with . or Enter, or press ? or * to list all spells.
Aiming: Magic Dart (safe; 3% risk of failure)
Press: ? - help, Shift-Dir - straight line, f/p - hound
Aim: a hound (almost dead, 100% to hit)
The magic dart hits the hound but does no damage.
The hound is almost dead.
The hound bites you. The dart slug launches a dart at you.
The slug dart hits you.
* * * LOW HITPOINT WARNING * * *
The adder bites you but does no damage. The hound barely misses you.
The hound closely misses you. The hound barely misses you.
The adder closely misses you.
Casting: Magic Dart (safe; 3% risk of failure)
Confirm with . or Enter, or press ? or * to list all spells.
Aiming: Magic Dart (safe; 3% risk of failure)
Press: ? - help, Shift-Dir - straight line, f/p - hound
Aim: a hound (almost dead, 100% to hit)
The magic dart hits the adder.
The adder is moderately wounded.
The adder bites you.
* * * LOW HITPOINT WARNING * * *
You are lethally poisoned!
The adder poisons you!
Okay, then.
It was a potion of resistance.
You feel protected.
You die...

.. #.# #.. #.. . #..
#.# #...##..#..##.#
##.............#
.....#..#.....#
....#.....#.)#
#..#.#.....@#
..###..#.#...##S###
.........#....wh..#
#..<#......#.....#
.#####..##......#.###.#
........##...##....#
..#####...#..####.##
#.###..# .# ......>.# #


You could see a hound, an adder and a dart slug.

Vanquished Creatures
  A gnoll (D:1)
  An adder (D:2)
  8 endoplasms
  3 giant cockroaches (D:2)
  4 goblins
  6 hobgoblins
  5 kobolds
  4 quokkas
  5 ball pythons
  3 bats
  5 frilled lizards
  4 rats (D:2)
49 creatures vanquished.

Vanquished Creatures (collateral kills)
  3 foxfires (D:1)
3 creatures vanquished.

Vanquished Creatures (others)
  216 foxfires
216 creatures vanquished.

Grand Total: 268 creatures vanquished

Notes
Turn   | Place    | Note
-------+----------+-------------------------------------------
     0 | D:1      | bnorton916 the Deep Elf Fire Elementalist began the quest
                  | for the Orb.
     0 | D:1      | Reached XP level 1. HP: 10/10 MP: 6/6
   214 | D:1      | Reached XP level 2. HP: 5/15 MP: 4/8
  1316 | D:2      | Reached XP level 3. HP: 15/19 MP: 6/10
  1638 | D:2      | Identified the +0 robe of Summer {Rampage +Inv Str+3
                  | Slay-4}
  2019 | D:2      | Found a faded altar of an unknown god.
  2382 | D:2      | Found Amoclowe's Antique Weapon Shop.
  2400 | D:2      | Reached XP level 4. HP: 23/24 MP: 10/12
  2727 | D:3      | Learned a level 1 spell: Magic Dart
  2742 | D:3      | Succumbed to an adder's poison

Illustrated notes

Levels and vault maps discovered:
D:1:      dpeg_arrival_rooms_c, layout_loops_ring, nicolae_grassy_gnolls
D:2:      layout_basic, chequers_ecumenical_altar_simple_redux, serial_shops,
          nicolae_shop_behind_doors, minmay_misc_feat_chi
D:3:      layout_basic, minmay_crystal_room, chequers_serial_rivers_micro_c

Skill      XL: |  1  2  3 |
---------------+----------+-----
Conjurations   | 2 |  2.6
Spellcasting   | 4 |  4.2
Fire Magic     | 4 |  4.1
Dodging        | |  2.4
Stealth        | |  2.4

Action                   |  1- 3 |  4- 6 || total
-------------------------+-------+-------++-------
 Cast: Foxfire           |   121 |    15 ||   136
       Magic Dart        |       |     3 ||     3
  Use: Potion            |       |     1 ||     1
Armor: Robe              |       |     1 ||     1
Dodge: Dodged            |     5 |     8 ||    13
